 Dungeon Crawl Stone Soup version 0.18.1-8-gdd0e5ea (webtiles) character file.

330 mistymad the Shield-Bearer (level 6, -1/39 HPs)
             Began as a Gargoyle Fighter on May 21, 2016.
             Slain by an ogre
             ... wielding a +0 giant club
              (7 damage)
             ... on level 4 of the Dungeon.
             The game lasted 00:04:17 (2419 turns).

mistymad the Shield-Bearer (Gargoyle Fighter)       Turns: 2419, Time: 00:04:18

Health: -1/39      AC: 12    Str: 20    XL:     6   Next: 51%
Magic:  6/6        EV:  8    Int:  8    God:
Gold:   211        SH:  9    Dex: 11    Spells: 0 memorised, 5 levels left

rFire  . . .     SeeInvis .     a - +0 flail
rCold  . . .     Gourm    .     b - +0 scale mail
rNeg   + . .     Faith    .     c - +0 shield
rPois  ∞         Spirit   .     q - +0 helmet
rElec  +         Dismiss  .     (no cloak)
rCorr  .         Reflect  .     (no gloves)
SustAt .         Harm     .     (no boots)
MR     .....                    (no amulet)
Stlth  ..........               (no ring)
                                (no ring)

@: not resistant to hostile enchantments, extremely unstealthy
A: negative energy resistance 1, electricity resistance, unbreathing,
petrification resistance, rot immunity, AC +4
a: no special abilities


You were on level 4 of the Dungeon.
You were hungry.

You visited 1 branch of the dungeon, and saw 4 of its levels.

You collected 211 gold pieces.

Inventory:

Hand Weapons
 a - a +0 flail (weapon)
Armour
 b - a +0 scale mail (worn)
 c - a +0 shield (worn)
 q - a +0 helmet (worn)
Wands
 w - a wand of iceblast (4/15)
Scrolls
 e - 8 scrolls of identify {unknown}
 i - 2 scrolls of recharging {unknown}
 j - 2 scrolls of remove curse {unknown}
 k - a scroll of noise {unknown}
 n - a scroll of magic mapping {unknown}
 p - 3 scrolls of fog {unknown}
 t - a scroll of enchant armour {unknown}
 v - 2 scrolls of immolation {unknown}
 x - a scroll of random uselessness {unknown}
Potions
 d - a potion of might
 h - 2 potions of flight {unknown}
 o - a potion of haste {unknown}
 r - a potion of invisibility {unknown}
 s - a potion of brilliance {unknown}
 u - 2 potions of curing {unknown}
 z - a potion of heal wounds {unknown}
 B - a potion of agility {unknown}
Comestibles
 f - 3 bread rations
 g - 2 slices of pizza
 l - 3 fruits
 m - 2 meat rations
 A - a beef jerky
 C - 2 chunks of flesh


   Skills:
 + Level 4.4 Fighting
 + Level 3.0 Maces & Flails
 + Level 4.2 Armour
 + Level 2.5 Dodging
 + Level 4.7 Shields


You had 5 spell levels left.
You didn't know any spells.

Dungeon Overview and Level Annotations

Branches:
Dungeon (4/15)
 Temple: D:4-7

Altars:
Ashenzari
Ru
Sif Muna


Innate Abilities, Weirdness & Mutations

You are resistant to torment.
Your stone body is resilient (AC +4).
You are immune to poison.
You resist negative energy.
You are resistant to electric shocks.
You can survive without breathing.
You are immune to petrification.
You are immune to rotting.


Message History

There is an open door here.
You are feeling hungry.
You are too injured to fight recklessly!
You hit the ogre.
The ogre is heavily wounded.
The ogre barely misses you.
You barely miss the ogre.
The ogre is heavily wounded.
The ogre misses you.
You barely miss the ogre.
The ogre is heavily wounded.
The ogre hits you with a giant club.
* * * LOW HITPOINT WARNING * * *
You hit the ogre.
The ogre is severely wounded.
The ogre closely misses you.
You barely miss the ogre.
The ogre is severely wounded.
The ogre hits you with a giant club!
You die...

#.........#
#..#.#.#..#
#........##
#..#.#.#.#
##.......#
#..#.#.#.#
#........#
#.O#.##### #.@..#
#...##
#..############
#..##...##..#.
#........#...
#..##....#..
#####..###.#
#..##'####'########
#....†.............


You could see an ogre.

Vanquished Creatures
  A necrophage (D:3)
  The ghost of mistymad the Sneak, an amateur NaEn of Ashenzari (D:3)
  A worker ant (D:4)
  A hound skeleton (D:4)
  6 adders
  2 worms
  2 giant geckos
  4 orcs (D:3)
  2 ball pythons
  A giant cockroach (D:1)
  7 goblins
  10 hobgoblins
  6 jackals (D:2)
  2 quokkas
  4 bats
  A giant newt (D:3)
  10 kobolds
  3 rats
64 creatures vanquished.

Notes
Turn   | Place    | Note
--------------------------------------------------------------
     0 | D:1      | mistymad the Gargoyle Fighter began the quest for the Orb.
     0 | D:1      | Reached XP level 1. HP: 14/14 MP: 1/1
   235 | D:1      | Reached XP level 2. HP: 15/19 MP: 2/2
   353 | D:1      | Found a shattered altar of Ashenzari.
   654 | D:2      | Reached XP level 3. HP: 19/24 MP: 3/3
   867 | D:2      | Reached skill level 1 in Dodging
   976 | D:2      | Reached XP level 4. HP: 19/29 MP: 4/4
  1271 | D:2      | Found a deep blue altar of Sif Muna.
  1339 | D:2      | Found a sacrificial altar of Ru.
  1419 | D:3      | Noticed a necrophage
  1423 | D:3      | Killed a necrophage
  1423 | D:3      | Reached XP level 5. HP: 31/33 MP: 5/5
  1444 | D:3      | Noticed mistymad's ghost (amateur NaEn)
  1476 | D:3      | Killed mistymad's ghost
  1476 | D:3      | Reached XP level 6. HP: 21/38 MP: 6/6
  2419 | D:4      | Slain by an ogre

Skill      XL: |  1  2  3  4  5  6 |
---------------+-------------------+-----
Fighting       | 4 |  4.4
Dodging        | 1 2 |  2.5
Shields        | 4 |  4.7
Armour         | 4 |  4.2
Maces & Flails | 3 |  3.0

Action                   |  1- 3 |  4- 6 || total
-------------------------+-------+-------++-------
Melee: Flail             |   161 |   133 ||   294
  Eat: Chunk             |     1 |     4 ||     5
Armor: Scale mail        |   115 |    44 ||   159
Dodge: Dodged            |    73 |    48 ||   121
Block: Shield            |   101 |    66 ||   167
